 Dungeon Crawl Stone Soup version 0.31-a0-202-g547052bce9 (webtiles) character file.

Game seed: 5077394653079035259

3236 qw the Markself (level 9, -5/52 HPs)
             Began as a Deep Elf Hunter on June 26, 2023.
             Was a Follower of Okawaru.
             Slain by a yak (7 damage)
             ... on level 8 of the Dungeon.
             The game lasted 00:02:46 (7408 turns).

qw the Markself (Deep Elf Hunter)                   Turns: 7408, Time: 00:02:46

Health: -5/52      AC: 11    Str: 12    XL:     9   Next: 66%
Magic:  13/14      EV: 16    Int: 15    God:    Okawaru [*.....]
Gold:   367        SH:  0    Dex: 18    Spells: 8/8 levels left

rFire   . . .        f - +0 orcbow
rCold   . . .        (shield currently unavailable)
rNeg    . . .        h - +0 ring mail
rPois   .            j - +1 helmet
rElec   .            g - scarf {repulsion}
rCorr   .            k - +2 pair of gloves
SInv    .            (no boots)
Will    .....        (no amulet)
Stlth   +++          (no ring)
HPRegen 0.28/turn    (no ring)
MPRegen 0.14/turn

%: repel missiles
@: heroic
A: no striking features
a: Renounce Religion, Heroism


You were on level 8 of the Dungeon.
You worshipped Okawaru.
Okawaru was aware of your devotion.
You visited 2 branches of the dungeon, and saw 9 of its levels.

You collected 552 gold pieces.
You spent 185 gold pieces at shops.


   Skills:
 - Level 4.0(9.0) Fighting
 + Level 15.5(20.5) Ranged Weapons
 - Level 1.1(6.1) Armour
 - Level 5.3(10.3) Dodging
 - Level 1.2(6.2) Stealth
 - Level 4.0 Invocations


You had 8 spell levels left.
You didn't know any spells.
Your spell library was empty.

Inventory:

Hand Weapons
 f - a +0 orcbow (weapon)
Armour
 g - a scarf of repulsion (worn)
 h - a +0 ring mail (worn)
 i - a +0 cloak
 j - a +1 helmet (worn)
 k - a +2 pair of gloves (worn)
Jewellery
 b - a ring of ice
 l - a +6 ring of dexterity
Scrolls
 a - a scroll of identify
Potions
 c - a potion of mutation
 d - a potion of enlightenment
 e - a potion of might
 m - 2 potions of curing
 n - a potion of cancellation

Dungeon Overview and Level Annotations

Branches:
Dungeon (8/15)             Temple (1/1) D:5
   Lair: D:8-11

Altars:
Ashenzari
Cheibriados
Dithmenos
Elyvilon
Fedhas
Gozag
Hepliaklqana
Kikubaaqudgha
Makhleb
Nemelex Xobeh
Okawaru
Qazlal
Ru
Sif Muna
Trog
Uskayaw
Vehumet
Wu Jian
Xom
Yredelemnul
Zin
The Shining One

Shops:
D:3 *(?   D:4 [   D:8 [

Annotations:
D:4 1 runed translucent door, Crazy Yiuf


Message History

The killer bee misses you.
You shoot an arrow. The arrow misses the killer bee.
The arrow hits the yak.
The yak is moderately wounded.
The killer bee barely misses you.
You shoot an arrow.
The arrow hits the yak but does no damage.
The yak is moderately wounded.
You shoot an arrow. The arrow hits the yak!
The yak is severely wounded.
The yak closely misses you.
You shoot an arrow. The arrow closely misses the yak.
The arrow misses the killer bee.
The arrow hits the yak!
The yak is moderately wounded.
The yak gores you!
You shoot an arrow. The arrow barely misses the yak.
The arrow hits the killer bee but does no damage.
The killer bee is moderately wounded.
You shoot an arrow. The arrow hits the yak!
The yak is almost dead.
The yak gores you!
You shoot an arrow. The arrow hits the yak!
You kill the yak!
Okawaru accepts your kill.
You shoot an arrow. The arrow hits the yak!
The yak is severely wounded.
You shoot an arrow. The arrow hits the yak.
The yak is severely wounded.
The yak gores you!
You shoot an arrow. The arrow hits the yak.
The yak is severely wounded.
You shoot an arrow.
The arrow hits the yak but does no damage.
The yak is severely wounded.
A killer bee comes into view.
The yak gores you!
The killer bee moves out of view.
You shoot an arrow.
The arrow hits the yak but does no damage.
The yak is severely wounded.
The yak gores you!
You die...

##..####.# #<......#
#.####### ##'## # #...##
#. .....## #.# ......#
#..#
.......####...##########
.......+ ... #..@Yy.....
.......# #.###.#####.y.
......## #.#.## .....##
#.## #..:## #.# #+## #.#
#.# #.# #(# #.# ##.##
#.#


You could see a yak and 2 killer bees.

Vanquished Creatures
  2 yaks (D:8)
  2 steam dragons
  A water moccasin (D:5)
  2 black bears
  2 orc warriors (D:7)
  3 ice beasts
  5 ogres
  2 centaurs
  A phantom (D:6)
  A bullfrog (D:7)
  4 kobold brigands
  Blork the orc (D:5)
  3 scorpions
  A howler monkey (D:5)
  2 hounds (D:6)
  An orc priest (D:5)
  3 jellies
  3 sleepcaps
  An iguana (D:5)
  4 orc wizards
  9 gnolls
  6 adders
  3 shadow imps
  4 white imps (D:7)
  An ufetubus (D:7)
  A worm (D:2)
  4 dart slugs
  15 orcs
  4 ball pythons
  4 endoplasms
  2 giant cockroaches
  5 goblins
  6 hobgoblins
  5 quokkas
  7 bats
  3 frilled lizards
  19 kobolds
  2 rats (D:1)
144 creatures vanquished.

Notes
Turn   | Place    | Note
-------+----------+-------------------------------------------
     0 | D:1      | qw the Deep Elf Hunter began the quest for the Orb.
     0 | D:1      | Reached XP level 1. HP: 12/12 MP: 3/3
     0 | D:1      | 0 ||| qw: Version: 0.3-a-22-g0ed2b0b
     0 | D:1      | 0 ||| qw: Game counter: 6177
     0 | D:1      | 0 ||| qw: Melee chars always use a shield: true
     0 | D:1      | 0 ||| qw: God list: Okawaru
     0 | D:1      | 0 ||| qw: Allow faded altars: false
     0 | D:1      | 0 ||| qw: Do Orc after clearing Dungeon:15 true
     0 | D:1      | 0 ||| qw: Do second Lair branch before Depths: true
     0 | D:1      | 0 ||| qw: Lair rune preference: random
     0 | D:1      | 0 ||| qw: Goals: Normal
     0 | D:1      | 0 ||| PLANNING D:1-11
    88 | D:1      | Reached XP level 2. HP: 16/16 MP: 4/4
   104 | D:1      | Reached skill level 6 in Ranged Weapons
   526 | D:1      | Reached XP level 3. HP: 20/20 MP: 5/5
   604 | D:1      | 604 ||| UPGRADING to +0 ring mail.
   614 | D:1      | 614 ||| DROPPING +0 leather armour.
   615 | D:1      | 615 ||| UPGRADING to +0 cloak.
   620 | D:1      | 620 ||| READING 2 scrolls labelled GUZXIR ZIRCHU.
   621 | D:1      | 621 ||| READING scroll labelled ONOYKLIHIWN.
   622 | D:1      | 622 ||| READING scroll labelled JARREX LYDIXKY.
   626 | D:1      | 626 ||| READING 2 scrolls labelled VEWISK DEAWN.
   627 | D:1      | 627 ||| DRINKING 2 grey potions.
   628 | D:1      | 628 ||| DROPPING scroll of butterflies.
   629 | D:1      | 629 ||| DROPPING scroll of revelation.
   876 | D:2      | 876 ||| READING scroll of enchant weapon.
   876 | D:2      | 876 ||| ENCHANTING +1 shortbow.
  1025 | D:2      | Reached skill level 7 in Ranged Weapons
  1558 | D:2      | 1558 ||| UPGRADING to +0 helmet.
  1563 | D:2      | 1563 ||| UPGRADING to +0 pair of gloves.
  1568 | D:2      | 1568 ||| READING scroll labelled YLOPNO PULISIL.
  1569 | D:2      | 1569 ||| READING 2 scrolls of identify.
  1569 | D:2      | 1569 ||| IDENTIFYING ruby potion
  1570 | D:2      | 1570 ||| DROPPING potion of lignification.
  1659 | D:3      | Reached XP level 4. HP: 25/25 MP: 6/6
  1771 | D:3      | Found Opoer's Magic Scroll Emporium.
  1781 | D:3      | 1781 ||| BUYING scroll of enchant armour (105 gold).
  1781 | D:3      | Bought a scroll of enchant armour for 105 gold pieces
  1781 | D:3      | 1781 ||| BUYING scroll of identify (28 gold).
  1781 | D:3      | Bought a scroll of identify for 28 gold pieces
  1781 | D:3      | 1781 ||| BUYING scroll of identify (28 gold).
  1781 | D:3      | Bought a scroll of identify for 28 gold pieces
  1781 | D:3      | 1781 ||| SHOPLISTING scroll of teleportation (42 gold, have
                  | 15).
  1781 | D:3      | 1781 ||| READING scroll of enchant armour.
  1781 | D:3      | 1781 ||| ENCHANTING +0 pair of gloves.
  1855 | D:3      | Found a faded altar of an unknown god.
  1927 | D:3      | 1927 ||| Stepping ~*~*~tactically~*~*~ (water).
  1995 | D:3      | Found Ucainics's General Store.
  2008 | D:3      | 2008 ||| BUYING scroll of identify (24 gold).
  2008 | D:3      | Bought a scroll of identify for 24 gold pieces
  2011 | D:3      | Found Nuevi Bag's Antique Weapon Shoppe.
  2019 | D:3      | 2019 ||| SHOPLISTING +8 longbow "Zephyr" {speed, Dex+3
                  | SInv} (1848 gold, have 10).
  2019 | D:3      | 2019 ||| SHOPLISTING fine sling (156 gold, have 10).
  2211 | D:3      | 2211 ||| READING 5 scrolls of identify.
  2211 | D:3      | 2211 ||| IDENTIFYING orange potion
  2212 | D:3      | 2212 ||| READING 4 scrolls of identify.
  2212 | D:3      | 2212 ||| IDENTIFYING brown potion
  2213 | D:3      | 2213 ||| READING 3 scrolls of identify.
  2213 | D:3      | 2213 ||| IDENTIFYING glowing golden potion
  2214 | D:3      | 2214 ||| DROPPING potion of brilliance.
  2215 | D:3      | 2215 ||| DROPPING potion of attraction.
  2216 | D:3      | 2216 ||| DROPPING potion of invisibility.
  2336 | D:4      | Reached skill level 8 in Ranged Weapons
  2340 | D:4      | Noticed a scorpion
  2359 | D:4      | HP: 6/25 [poisoned by a scorpion]
  2360 | D:4      | 2360 ||| READING scroll of teleportation.
  2546 | D:4      | Found Tyoz's Armour Shop.
  2559 | D:4      | 2559 ||| SHOPLISTING +1 robe of fire resistance (165 gold,
                  | have 29).
  2559 | D:4      | 2559 ||| SHOPLISTING +3 ring mail of fire resistance (338
                  | gold, have 29).
  2559 | D:4      | 2559 ||| SHOPLISTING +4 scale mail of Words of Power {*Slow
                  | Int+7 Dex+6} (685 gold, have 29).
  2610 | D:4      | Reached XP level 5. HP: 24/29 MP: 7/7
  2617 | D:4      | Reached skill level 1 in Armour
  2618 | D:4      | HP: 5/29 [gnoll/+0 spear (4)]
  2769 | D:4      | Noticed an ogre
  2775 | D:4      | Killed an ogre
  2776 | D:4      | Reached skill level 9 in Ranged Weapons
  2953 | D:4      | 2953 ||| STAIRDANCE
  2962 | D:3      | 2962 ||| READING 2 scrolls labelled SIHYETHR NYIV.
  2963 | D:3      | 2963 ||| READING 2 scrolls labelled AWUME GUNATOLIDUFE.
  2964 | D:3      | 2964 ||| READING 2 scrolls of identify.
  2964 | D:3      | 2964 ||| IDENTIFYING viscous cyan potion
  2965 | D:3      | 2965 ||| DROPPING scroll of vulnerability.
  2966 | D:3      | 2966 ||| DROPPING scroll of fog.
  3035 | D:4      | Reached XP level 6. HP: 14/35 MP: 8/8
  3175 | D:4      | Found a runed translucent door.
  3176 | D:4      | Noticed Crazy Yiuf
  3394 | D:4      | 3394 ||| DRINKING 2 fuming silvery potions.
  3412 | D:5      | Entered Level 5 of the Dungeon
  3495 | D:5      | Reached skill level 10 in Ranged Weapons
  3545 | D:5      | Noticed a water moccasin
  3552 | D:5      | Killed a water moccasin
  3553 | D:5      | Reached skill level 3 in Dodging
  3553 | D:5      | Reached XP level 7. HP: 23/40 MP: 9/9
  3555 | D:5      | HP: 10/40 [scorpion (1)]
  3556 | D:5      | 3556 ||| DRINKING potion of heal wounds.
  3675 | D:5      | 3675 ||| READING scroll of enchant weapon.
  3675 | D:5      | 3675 ||| ENCHANTING +2 shortbow.
  3690 | D:5      | Reached skill level 11 in Ranged Weapons
  3835 | D:5      | Noticed Blork the orc
  3841 | D:5      | Killed Blork the orc
  4143 | D:5      | 4143 ||| READING scroll of enchant armour.
  4143 | D:5      | 4143 ||| ENCHANTING +1 pair of gloves.
  4169 | D:5      | Found a staircase to the Ecumenical Temple.
  4170 | D:5      | 4170 ||| PLANNING TEMPLE
  4170 | D:5      | 4170 ||| DROPPING amulet of magic regeneration.
  4179 | Temple   | Entered the Ecumenical Temple
  4381 | Temple   | 4381 ||| PLANNING OKAWARU WORSHIP
  4514 | Temple   | Became a worshipper of Warmaster Okawaru
  4515 | Temple   | 4515 ||| PLANNING D:1-11
  4822 | D:6      | 4822 ||| DRINKING potion of curing.
  4822 | D:6      | 4822 ||| (to cure confusion)
  4831 | D:6      | Reached skill level 12 in Ranged Weapons
  4841 | D:6      | Reached XP level 8. HP: 25/45 MP: 10/10
  5028 | D:6      | Reached skill level 3 in Fighting
  5242 | D:6      | Reached * piety under Okawaru
  5318 | D:6      | 5318 ||| INVOKING Heroism.
  5358 | D:6      | 5358 ||| INVOKING Heroism.
  5362 | D:6      | Reached skill level 13 in Ranged Weapons
  5393 | D:6      | 5393 ||| READING scroll of enchant weapon.
  5393 | D:6      | 5393 ||| ENCHANTING +3 shortbow.
  5805 | D:6      | Reached skill level 1 in Invocations
  5876 | D:6      | 5876 ||| UPGRADING to scarf of repulsion.
  5886 | D:6      | 5886 ||| READING scroll labelled KAZARU NOGH.
  5887 | D:6      | 5887 ||| READING scroll labelled XINTAO AFUSI.
  5888 | D:6      | 5888 ||| READING scroll labelled VISUHO YFUST.
  5890 | D:6      | 5890 ||| Stepping ~*~*~tactically~*~*~ (cloud).
  6136 | D:7      | 6136 ||| SWAPPING to +0 orcbow.
  6138 | D:7      | 6138 ||| DROPPING +4 shortbow.
  6157 | D:7      | 6157 ||| INVOKING Heroism.
  6160 | D:7      | 6160 ||| Stepping ~*~*~tactically~*~*~ (cloud).
  6176 | D:7      | 6176 ||| INVOKING Heroism.
  6184 | D:7      | 6184 ||| Stepping ~*~*~tactically~*~*~ (cloud).
  6193 | D:7      | Reached skill level 14 in Ranged Weapons
  6193 | D:7      | Reached skill level 3 in Invocations
  6193 | D:7      | Reached XP level 9. HP: 26/51 MP: 10/13
  6380 | D:7      | 6380 ||| INVOKING Heroism.
  6394 | D:7      | 6394 ||| FLEEEEING.
  6395 | D:7      | 6395 ||| FLEEEEING.
  6396 | D:7      | 6396 ||| FLEEEEING.
  6397 | D:7      | 6397 ||| FLEEEEING.
  6398 | D:7      | 6398 ||| FLEEEEING.
  6399 | D:7      | 6399 ||| FLEEEEING.
  6400 | D:7      | 6400 ||| FLEEEEING.
  6401 | D:7      | 6401 ||| FLEEEEING.
  6402 | D:7      | 6402 ||| FLEEEEING.
  6403 | D:7      | 6403 ||| FLEEEEING.
  6404 | D:7      | 6404 ||| FLEEEEING.
  6405 | D:7      | 6405 ||| FLEEEEING.
  6406 | D:7      | 6406 ||| FLEEEEING.
  6407 | D:7      | 6407 ||| FLEEEEING.
  6408 | D:7      | 6408 ||| FLEEEEING.
  6409 | D:7      | 6409 ||| FLEEEEING.
  6410 | D:7      | 6410 ||| FLEEEEING.
  6411 | D:7      | 6411 ||| FLEEEEING.
  6412 | D:7      | 6412 ||| FLEEEEING.
  6413 | D:7      | 6413 ||| FLEEEEING.
  6414 | D:7      | 6414 ||| FLEEEEING.
  6415 | D:7      | 6415 ||| FLEEEEING.
  6416 | D:7      | 6416 ||| STAIRDANCE
  6441 | D:6      | 6441 ||| READING 3 scrolls of identify.
  6441 | D:6      | 6441 ||| IDENTIFYING lumpy ruby potion
  6442 | D:6      | 6442 ||| READING 2 scrolls of identify.
  6442 | D:6      | 6442 ||| IDENTIFYING sapphire potion
  6445 | D:7      | 6445 ||| INVOKING Heroism.
  6573 | D:7      | 6573 ||| FLEEEEING.
  6574 | D:7      | 6574 ||| FLEEEEING.
  6575 | D:7      | 6575 ||| FLEEEEING.
  6576 | D:7      | 6576 ||| FLEEEEING.
  6577 | D:7      | 6577 ||| FLEEEEING.
  6578 | D:7      | 6578 ||| FLEEEEING.
  6579 | D:7      | 6579 ||| FLEEEEING.
  6580 | D:7      | 6580 ||| FLEEEEING.
  6581 | D:7      | 6581 ||| FLEEEEING.
  6582 | D:7      | 6582 ||| FLEEEEING.
  6583 | D:7      | 6583 ||| FLEEEEING.
  6584 | D:7      | 6584 ||| FLEEEEING.
  6585 | D:7      | 6585 ||| FLEEEEING.
  6600 | D:7      | 6600 ||| INVOKING Heroism.
  6678 | D:7      | 6678 ||| Stepping ~*~*~tactically~*~*~ (outnumbered).
  6679 | D:7      | 6679 ||| Stepping ~*~*~tactically~*~*~ (outnumbered).
  6683 | D:7      | 6683 ||| Stepping ~*~*~tactically~*~*~ (outnumbered).
  6692 | D:7      | 6692 ||| Stepping ~*~*~tactically~*~*~ (outnumbered).
  6776 | D:7      | 6776 ||| INVOKING Heroism.
  6969 | D:7      | 6969 ||| DROPPING +1 pair of gloves of hurling.
  6970 | D:7      | 6970 ||| READING 2 scrolls of identify.
  6970 | D:7      | 6970 ||| IDENTIFYING puce potion
  7103 | D:8      | 7103 ||| INVOKING Heroism.
  7108 | D:8      | 7108 ||| Stepping ~*~*~tactically~*~*~ (cloud).
  7110 | D:8      | Reached skill level 15 in Ranged Weapons
  7182 | D:8      | 7182 ||| Stepping ~*~*~tactically~*~*~ (outnumbered).
  7185 | D:8      | 7185 ||| Stepping ~*~*~tactically~*~*~ (outnumbered).
  7216 | D:8      | Found a shimmering blue altar of Sif Muna.
  7251 | D:8      | Found a basalt altar of Yredelemnul.
  7310 | D:8      | 7310 ||| READING scroll of enchant armour.
  7310 | D:8      | 7310 ||| ENCHANTING +0 helmet.
  7373 | D:8      | Found Eppoddix's Armour Shop.
  7395 | D:8      | 7395 ||| INVOKING Heroism.
  7405 | D:8      | HP: 11/52 [yak (8)]
  7407 | D:8      | HP: 2/52 [yak (10)]
  7408 | D:8      | Slain by a yak

Levels and vault maps discovered:
D:1:      dpeg_chamrin_arrival_tetris, layout_basic, serial_bayou_pond_a,
          solitary_fountain
D:2:      layout_loops_corners, minmay_tripent
D:3:      layout_basic, serial_shops, shop, shop, nicolae_shop_window_shopping,
          ebering_ecumenical_altar_sacrificial, st_stairs_9, grunt_decor_cap
D:4:      layout_basic, serial_shops, shop, uniq_crazy_yiuf_cottage
D:5:      layout_loops_ring, temple_fountains, uniq_blork_the_orc
D:6:      layout_basic
D:7:      layout_loops_cross, serial_demonic, serial_demonic_e,
          serial_demonic_f, serial_demonic_c, serial_demonic_g,
          serial_demonic_g, serial_demonic_b, serial_demonic_a, serial_demonic_c
D:8:      layout_loops_corners, mainiacjoe_overflow_catch_the_wave,
          serial_shops, shop, uniq_erica
Temple:   mainiacjoe_temple_cubbyholes

Skill      XL: |  1  2  3  4  5  6  7  8  9 |
---------------+----------------------------+-----
Ranged Weapons | 6 7 8 9 10 12 14 15 | 15.5
Armour         | 1 |  1.1
Fighting       | 2 3 4 |  4.0
Dodging        | 3 4 5 |  5.3
Invocations    | 3 4 |  4.0
Stealth        | |  1.2

Action                     |  1- 3 |  4- 6 |  7- 9 || total
---------------------------+-------+-------+-------++-------
   Fire: Shortbow          |    86 |   121 |   198 ||   405
         Orcbow            |       |       |   179 ||   179
 Invoke: Heroism           |       |       |    10 ||    10
    Use: Scroll            |     7 |     8 |    10 ||    25
         Potion            |     1 |     1 |     2 ||     4
 Armour: Leather armour    |     1 |       |       ||     1
         Ring mail         |     3 |    26 |    80 ||   109
  Dodge: Dodged            |    23 |    31 |   133 ||   187
         Repelled          |       |       |     4 ||     4

Table legend:
 A = Non-vault XP
 B = Vault XP
 C = Vault XP percentage of total XP
 D = Non-vault monster count
 E = Vault monster count
 F = Vault count percentage of total count
                 A         B        C        D         E       F
            +---------+---------+-------+---------+---------+-------
      Total |    4474 |     149 |   3.2 |     134 |      10 |   6.9
            +---------+---------+-------+---------+---------+-------
        D:1 |      45 |       0 |   0.0 |      17 |       0 |   0.0
        D:2 |      34 |       4 |  10.5 |      11 |       2 |  15.4
        D:3 |      40 |       5 |  11.1 |       9 |       2 |  18.2
        D:4 |     367 |       0 |   0.0 |      22 |       0 |   0.0
        D:5 |     719 |      91 |  11.2 |      15 |       1 |   6.2
        D:6 |    1108 |       0 |   0.0 |      25 |       0 |   0.0
        D:7 |    1200 |      49 |   3.9 |      23 |       5 |  17.9
        D:8 |     961 |       0 |   0.0 |      12 |       0 |   0.0
            +---------+---------+-------+---------+---------+-------
